 Dungeon Crawl Stone Soup version 0.25.1-2-g60ff931df9 (webtiles) character file.

Game seed: 3593750262889037175

199768 happimess the Devastator (level 18, -23/101 HPs)
             Began as a Deep Elf Conjurer on Sept 29, 2020.
             Was the Champion of Vehumet.
             Annihilated by an alligator snapping turtle (34 damage)
             ... on level 3 of the Shoals on Oct 1, 2020.
             The game lasted 04:56:34 (39278 turns).

happimess the Devastator (Deep Elf Conjurer)       Turns: 39278, Time: 04:56:34

Health: -23/101    AC: 16    Str:  7    XL:     18   Next: 25%
Magic:  11/37      EV: 25    Int: 27    God:    Vehumet [******]
Gold:   2990       SH:  0    Dex: 15    Spells: 10/44 levels left

rFire    . . .     SeeInvis +   a - +8 hand axe
rCold    . . .     Gourm    .   (no shield)
rNeg     . . .     Faith    .   F - +3 troll leather armour
rPois    +         Spirit   .   b - +2 hat
rElec    .         Reflect  .   n - +2 cloak of the Thief {+Fog Slay-2 SInv Stlth+}
rCorr    .         Harm     .   W - +0 pair of gloves {archery}
MR       +....                  u - +2 pair of boots
Stlth    ++++++....             L - amulet of magic regeneration
HPRegen  0.66/turn              I - +4 ring of evasion
MPRegen  0.50/turn              p - ring of poison resistance

@: very slightly contaminated
A: no striking features
a: Renounce Religion, Evoke Fog


You were on level 3 of the Shoals.
You worshipped Vehumet.
Vehumet was exalted by your worship.
You were not hungry.

You visited 6 branches of the dungeon, and saw 30 of its levels.
You also visited: Ice Cave.

You collected 3643 gold pieces.
You spent 653 gold pieces at shops.

Inventory:

Hand Weapons
 a - a +8 hand axe (weapon)
Armour
 b - a +2 hat (worn)
 n - the +2 cloak of the Thief (worn) {+Fog Slay-2 SInv Stlth+}
   (You found it in an ice cave)

   It affects your accuracy and damage with ranged weapons and melee attacks
   (-2).
   It lets you see invisible.
   It makes you more stealthy.
 r - the +1 robe of the Ward {Harm rN+ Dex+4}
   (You found it on level 4 of the Dungeon)

   It affects your dexterity (+4).
   It protects you from negative energy.
   It increases damage dealt and taken.
 u - a +2 pair of boots (worn)
 w - a +1 buckler of cold resistance
 E - a +3 leather armour of cold resistance
 F - a +3 troll leather armour (worn)
 O - a +2 robe of magic resistance
 W - a +0 pair of gloves of archery (worn)
Jewellery
 p - a ring of poison resistance (right hand)
 q - an uncursed ring of wizardry
 x - a cursed ring of wizardry
 D - an uncursed ring of wizardry
 I - a +4 ring of evasion (left hand)
 L - an amulet of magic regeneration (around neck)
Wands
 l - a wand of flame (12)
 o - a wand of clouds (12)
 z - a wand of paralysis (31)
 G - a wand of polymorph (12)
 J - a wand of digging (14)
 K - a wand of acid (5)
 M - a wand of enslavement (12)
 R - a wand of iceblast (15)
Scrolls
 d - 6 scrolls of blinking
 e - 16 scrolls of identify
 f - 22 scrolls of remove curse
 j - 9 scrolls of teleportation
 k - 2 scrolls of amnesia
 m - 3 scrolls of magic mapping
 s - 2 scrolls of enchant armour
 v - 2 scrolls of fog
 y - 2 scrolls of immolation {unknown}
 H - 2 scrolls of vulnerability
 N - a scroll of silence {unknown}
Potions
 g - 3 potions of resistance
 h - 2 potions of brilliance
 i - a potion of stabbing
 B - 3 potions of cancellation
 C - a potion of flight
 P - 3 potions of curing
 Q - 2 potions of might
 S - a potion of berserk rage
 X - a potion of lignification
Miscellaneous
 t - a box of beasts
 A - 3 phantom mirrors
Comestibles
 c - 29 rations
 T - 2 chunks of flesh


   Skills:
 - Level 7.0 Fighting
 + Level 15.1 Dodging
 - Level 13.2 Stealth
 + Level 13.5 Spellcasting
 - Level 20.0 Conjurations
 - Level 10.0 Hexes
 - Level 6.5 Translocations
 * Level 11.9 Fire Magic
   Level 4.7 Invocations
 - Level 9.8 Evocations


You had 10 spell levels left.
You knew the following spells:

 Your Spells              Type           Power        Failure   Level  Hunger
a - Magic Dart            Conj           ####         0%          1    None
b - Searing Ray           Conj           ######       0%          2    None
c - Iskenderun's Mystic   Conj/Tloc      ######..     1%          4    None
d - Fulminant Prism       Conj/Hex       #######...   1%          4    None
e - Iskenderun's Battles  Conj/Chrm      ######..     1%          5    ##.....
f - Starburst             Conj/Fire      #######...   1%          6    ####...
g - Sticky Flame          Conj/Fire      #######.     1%          4    None
h - Fireball              Conj/Fire      #######...   1%          5    ##.....
i - Tukima's Dance        Hex            ######..     1%          3    None

Your spell library contained the following spells:

 Spells                   Type           Power        Failure   Level  Hunger
 Ignition                 Fire           ######....   47%         8    #######
 Fire Storm               Conj/Fire      #######...   82%         9    #######
 Absolute Zero            Ice            ###.......   100%        9    #######
 Foxfire                  Conj/Fire      ####         0%          1    None
 Conjure Flame            Conj/Fire      #######.     0%          3    None
 Corona                   Hex            ######.      1%          1    None
 Ensorcelled Hibernation  Hex/Ice        #####.       1%          2    None
 Shroud of Golubria       Chrm/Tloc      #####.       1%          2    None
 Confusing Touch          Hex            ######..     1%          3    None
 Dazzling Flash           Conj/Hex       ######       1%          3    None
 Inner Flame              Hex/Fire       ######..     1%          3    None
 Spectral Weapon          Hex/Chrm       #####...     1%          3    None
 Infusion                 Chrm           ###.         4%          1    None
 Song of Slaying          Chrm           ###.....     7%          2    None
 Ozocubu's Armour         Chrm/Ice       ###.....     14%         3    None


Dungeon Overview and Level Annotations

Branches:
Dungeon (15/15)            Temple (1/1) D:6            Lair (6/6) D:8
 Shoals (3/4) Lair:4        Snake (0/4) Lair:3        Slime (0/5) Lair:5
    Orc (2/2) D:11            Elf (3/3) Orc:2        Vaults (0/5) D:13
 Depths (0/5) D:15          IceCv (visited)

Altars:
Ashenzari
Cheibriados
Dithmenos
Elyvilon
Fedhas
Gozag
Hepliaklqana
Kikubaaqudgha
Makhleb
Nemelex Xobeh
Okawaru
Qazlal
Ru
Sif Muna
Trog
Uskayaw
Vehumet
Wu Jian
Xom
Zin
The Shining One
Beogh
Jiyva

Shops:
D:4 *   D:5 *   D:12 =   Orc:1 =   Orc:2 *=*[(

Annotations:
D:4 3 runed translucent doors, Chai's ghost, amateur DrCj
D:15 exclusion: door
Lair:2 Urug
Lair:6 1 runed translucent door, Jipob's ghost, adept MiBe
Shoals:3 Ilsuiw


Message History

As you read the scroll of blinking, it crumbles to dust.
Casting: Searing Ray (safe; 0% risk of failure)
Confirm with . or Enter, or press ? or * to list all spells.
Aiming: Fireball (safe; 1% risk of failure)
Press: ? - help, Shift-Dir - straight line, f - alligator snapping turtle
Aim: an alligator snapping turtle (severely wounded)
The fireball explodes!
The fireball engulfs the alligator snapping turtle!!
The alligator snapping turtle is almost dead.
Casting: Fireball (safe; 1% risk of failure)
Confirm with . or Enter, or press ? or * to list all spells.
Aiming: Fireball (safe; 1% risk of failure)
Press: ? - help, Shift-Dir - straight line, f/p - alligator snapping turtle
Aim: an alligator snapping turtle (steam, almost dead)
The fireball explodes!
The fireball engulfs the alligator snapping turtle!
The alligator snapping turtle is almost dead.
The alligator snapping turtle is engulfed in a cloud of scalding steam.
The alligator snapping turtle bites you from afar!!
You die...

.###..≈≈......≈≈≈≈≈≈≈≈≈≈≈≈≈≈≈≈≈≈
#..≈≈≈....≈≈≈≈≈≈≈≈≈≈≈≈≈≈≈≈≈≈≈
..≈..≈....≈≈≈≈≈≈≈.≈≈≈≈≈≈≈≈≈≈≈
..≈...≈..###≈≈≈...)≈≈≈≈≈≈≈≈≈≈≈
[..≈≈≈.##..≈...[≈≈≈≈≈≈≈≈≈≈≈≈
.≈≈≈≈≈≈............≈≈....≈≈≈≈
≈≈≈≈≈≈≈≈≈≈≈..####........≈≈≈≈
≈≈≈≈≈≈≈≈≈≈≈≈.###.....###..≈..
.≈≈≈≈≈≈≈≈≈≈≈@##......# #..(..
≈≈≈≈≈≈m≈≈≈≈≈...(≈≈≈≈.###.....
≈≈P≈≈≈≈≈≈§§t≈≈≈≈≈≈≈≈.........
≈≈≈≈≈≈≈≈§§§§≈≈≈≈≈≈≈≈.....≈≈≈.
≈≈≈≈≈..§§§§§≈≈≈≈≈≈≈≈≈...≈≈≈≈.
≈≈≈..###§§§≈≈≈≈≈≈≈≈≈≈≈≈≈≈≈≈..
≈≈≈. #.≈§≈≈≈≈≈≈≈≈≈≈≈≈≈≈≈≈≈. ≈..
#..≈≈≈≈≈≈≈≈≈≈≈≈≈≈≈≈≈≈≈
#.≈≈≈≈≈≈≈≈≈≈≈≈≈≈≈≈≈≈≈≈


You could see Ilsuiw (wandering) and an alligator snapping turtle.

Vanquished Creatures
  Jorgrun (D:14)
  A deep elf blademaster (Elf:2)
  Gastronok (Lair:2)
  3 deep elf sorcerers (Elf:1)
  2 orc warlords
  2 deep elf demonologists
  A dire elephant (shapeshifter) (D:15)
  A merfolk javelineer (Shoals:3)
  A merfolk impaler (Shoals:2)
  A rakshasa (D:15)
  A merfolk avatar (Shoals:2)
  8 hydras
  7 centaur warriors
  Erica (D:10)
  The ghost of Dusieq the Thaumaturge, a journeyman DsCj of Vehumet (D:11)
  26 dancing weapons
  9 death yaks
  3 ogre magi
  13 two-headed ogres
  3 orc high priests
  16 deep elf knights
  4 sea snakes
  The ghost of happimess the Destroyer, a novice DECj of Vehumet (D:8)
  An unseen horror (D:11)
  8 deep elf archers
  An obsidian statue (D:13)
  Pikel (D:9)
  12 orc knights
  36 deep elf magi
  An orange crystal statue (Elf:1)
  12 harpies
  13 ugly things
  A wolf spider zombie (D:15)
  An oklob plant (Lair:2)
  3 orc sorcerers (Orc:2)
  7 cyclopes
  7 elephants
  5 manticores
  5 fauns
  2 ice statues (IceCv)
  5 merfolk sirens
  Maurice (D:9)
  3 black mambas
  2 water nymphs
  Maggie (D:6)
  2 gargoyles
  25 spiny frogs
  A kobold demonologist (D:14)
  3 yaktaurs (D:13)
  3 rime drakes
  12 komodo dragons
  An efreet (D:15)
  6 ice devils (IceCv)
  4 trolls
  8 polar bears
  4 harpy zombies (Shoals:1)
  2 wind drakes
  27 blink frogs
  16 merfolk
  12 hippogriffs
  4 hornets (Lair:6)
  9 slime creatures
  8 snapping turtles
  3 dream sheep (Shoals:1)
  6 air elementals
  2 shadows
  3 wyverns
  4 wraiths (D:11)
  15 spriggans (Lair:6)
  A vampire (D:11)
  3 water elementals
  A hungry ghost (D:15)
  24 yaks
  5 fire elementals
  7 vampire mosquitoes
  Menkaure (D:4)
  3 steam dragons
  The ghost of FlobFlarker the Slinger, an amateur HaHu (D:3)
  Edmund (D:6)
  An acid dragon (D:13)
  4 wargs
  16 water moccasins
  2 soldier ants
  14 porcupines
  37 orc warriors
  5 phantoms
  An ice beast (D:5)
  An eye of draining (D:8)
  4 boggarts (Lair:6)
  11 black bears
  A slave (D:9)
  20 centaurs
  A sky beast (D:6)
  47 wolves
  A necrophage (D:10)
  17 ogres
  A centaur (shapeshifter) (D:9)
  20 crocodiles
  A big kobold (D:11)
  Blork the orc (Orc:2)
  23 bullfrogs
  A wyvern zombie (D:7)
  3 earth elementals
  6 scorpions
  24 killer bees
  11 wights
  4 howler monkeys
  3 electric eels
  12 crimson imps
  2 bullfrog zombies
  4 centaur zombies
  A hound (D:6)
  3 jellies
  3 quasits
  A gnoll shaman (D:4)
  19 orc priests
  6 centaur skeletons
  21 orc wizards
  6 iguanas
  13 worker ants
  4 hell rats (Lair:3)
  A killer bee zombie (D:8)
  2 hound zombies (D:11)
  2 hound skeletons
  3 worker ant zombies
  10 gnolls
  A howler monkey skeleton (D:8)
  7 adders
  8 shadow imps
  20 white imps
  8 ufetubi (IceCv)
  2 adder skeletons (D:7)
  2 worms
  8 leopard geckos
  123 orcs
  10 bats
  7 giant cockroaches
  3 goblins
  8 hobgoblins
  17 jackals
  16 kobolds
  9 quokkas
  6 frilled lizards
  2 goblin skeletons (D:4)
  A goblin zombie (D:4)
  2 hobgoblin zombies (D:4)
  A kobold skeleton (D:4)
  3 orc skeletons (D:4)
  An orc zombie (D:4)
  A quokka skeleton (D:6)
  A quokka zombie (D:6)
  13 rats
  A fulminant prism (Elf:2)
  15 fungi
  6 plants
1158 creatures vanquished.

Vanquished Creatures (others)
  A reaper (IceCv)
  A deep elf knight (Elf:1)
  A merfolk siren (Shoals:2)
  A fire elemental (Elf:1)
  A slave (D:9)
  An orc warrior (Orc:2)
  A scorpion (D:9)
  3 white imps (IceCv)
  3 ufetubi (IceCv)
  20 bushes
  305 fulminant prisms
  35 fungi
  36 plants
  2 withered plants (Lair:6)
411 creatures vanquished.

Grand Total: 1569 creatures vanquished

Notes
Turn   | Place    | Note
-------+----------+-------------------------------------------
     0 | D:1      | happimess the Deep Elf Conjurer began the quest for the
                  | Orb.
     0 | D:1      | Reached XP level 1. HP: 10/10 MP: 6/6
    99 | D:1      | You fall into a shaft and drop 1 floor!
   198 | D:1      | Reached XP level 2. HP: 15/15 MP: 4/8
   202 | D:1      | Learned a level 2 spell: Searing Ray
   270 | D:1      | Reached skill level 5 in Conjurations
  1154 | D:2      | Reached XP level 3. HP: 19/19 MP: 6/9
  1162 | D:2      | Learned a level 3 spell: Dazzling Flash
  1465 | D:2      | Reached skill level 1 in Hexes
  1754 | D:2      | Found a faded altar of an unknown god.
  1914 | D:3      | Reached XP level 4. HP: 24/24 MP: 6/10
  1921 | D:3      | Reached skill level 6 in Conjurations
  2356 | D:3      | Noticed FlobFlarker's ghost (amateur HaHu)
  2359 | D:3      | Found a runed translucent door.
  2365 | D:3      | Reached XP level 5. HP: 28/28 MP: 8/11
  2458 | D:3      | Learned a level 4 spell: Fulminant Prism
  2464 | D:3      | Killed FlobFlarker's ghost
  2558 | D:3      | Reached XP level 6. HP: 30/32 MP: 8/12
  2671 | D:3      | Reached skill level 7 in Conjurations
  2771 | D:3      | Reached skill level 5 in Hexes
  3151 | D:4      | Found Fuirgh's Assorted Antiques.
  3211 | D:4      | Found a runed translucent gate.
  3211 | D:4      | Found a runed translucent gate.
  3211 | D:4      | Found a runed translucent gate.
  3212 | D:4      | Found an opulent altar of Gozag.
  3212 | D:4      | Noticed a gargoyle
  3263 | D:4      | Found a shadowy altar of Dithmenos.
  3268 | D:4      | Noticed Menkaure
  3276 | D:4      | Killed Menkaure
  3276 | D:4      | Reached XP level 7. HP: 20/36 MP: 3/13
  3412 | D:4      | Found a glowing golden altar of the Shining One.
  3513 | D:4      | Learned a level 4 spell: Iskenderun's Mystic Blast
  3890 | D:4      | Got a crude robe
  3894 | D:4      | Reached skill level 8 in Conjurations
  3986 | D:4      | Noticed Chai's ghost (amateur DrCj)
  4198 | D:4      | Found a burning altar of Makhleb.
  4326 | D:5      | Entered Level 5 of the Dungeon
  4332 | D:5      | Found Douthira's General Store.
  4335 | D:5      | Bought a potion of degeneration for 13 gold pieces
  4336 | D:5      | Found an opulent altar of Gozag.
  4340 | D:5      | Found a stormy altar of Qazlal.
  4579 | D:5      | Reached XP level 8. HP: 33/41 MP: 6/14
  4650 | D:5      | Found a shimmering altar of Xom.
  4654 | D:5      | Found a shimmering altar of Xom.
  4740 | D:5      | Reached skill level 9 in Conjurations
  4797 | D:5      | Identified the +1 robe of the Ward {Harm rN+ Dex+4} (You
                  | found it on level 4 of the Dungeon)
  5286 | D:6      | Noticed Maggie
  5507 | D:6      | Found an ancient bone altar of Kikubaaqudgha.
  5633 | D:6      | Reached skill level 10 in Conjurations
  5727 | D:6      | Reached skill level 1 in Translocations
  5803 | D:6      | Reached XP level 9. HP: 30/45 MP: 3/15
  6059 | D:6      | Killed Maggie
  6463 | D:6      | Found a staircase to the Ecumenical Temple.
  6470 | Temple   | Entered the Ecumenical Temple
  6635 | Temple   | Became a worshipper of Vehumet
  6737 | D:6      | Noticed Edmund
  6744 | D:6      | Killed Edmund
  6744 | D:6      | Reached skill level 11 in Conjurations
  7098 | D:7      | Reached skill level 5 in Translocations
  7268 | D:7      | Found an iron altar of Okawaru.
  8134 | D:7      | Reached * piety under Vehumet
  8134 | D:7      | Offered knowledge of Freeze by Vehumet.
  8286 | D:7      | HP: 2/45 [bullfrog (6)]
  8687 | D:8      | Reached skill level 12 in Conjurations
  8687 | D:8      | Reached XP level 10. HP: 41/50 MP: 5/16
  8904 | D:8      | Noticed happimess's ghost (novice DECj)
  9319 | D:8      | Found a staircase to the Lair.
  9432 | D:7      | Offered knowledge of Sandblast by Vehumet.
  9433 | D:7      | Reached ** piety under Vehumet
  9592 | D:8      | Found a glowing silver altar of Zin.
  9743 | D:8      | Found a transporter.
  9768 | D:8      | Noticed a two-headed ogre
  9771 | D:8      | Found a transporter.
  9892 | D:8      | Reached skill level 5 in Stealth
  9965 | D:8      | Reached skill level 5 in Dodging
  9994 | D:8      | Reached skill level 13 in Conjurations
 10339 | D:8      | Killed a two-headed ogre
 10376 | D:8      | Killed happimess's ghost
 10444 | D:9      | Reached XP level 11. HP: 54/54 MP: 17/17
 10488 | D:9      | Found a hazy altar of Hepliaklqana.
 10852 | D:9      | Offered knowledge of Ignite Poison by Vehumet.
 10908 | D:9      | Got a polished scale mail
 10961 | D:9      | Noticed Pikel
 10967 | D:9      | Killed Pikel
 10970 | D:9      | Found a shattered altar of Ashenzari.
 11370 | D:9      | Reached *** piety under Vehumet
 11676 | D:9      | Noticed Maurice
 11697 | D:9      | Killed Maurice
 11697 | D:9      | Reached skill level 14 in Conjurations
 11749 | D:10     | Entered Level 10 of the Dungeon
 11950 | D:10     | Noticed Erica
 11963 | D:10     | Killed Erica
 12151 | D:10     | Found a roughly hewn altar of Beogh.
 12154 | D:10     | Offered knowledge of Airstrike by Vehumet.
 12173 | D:10     | Reached **** piety under Vehumet
 12209 | D:10     | Identified the +2 ring mail of the Will of the Gods {+Blink
                  | Stlth+}
 12702 | D:10     | Offered knowledge of Iskenderun's Battlesphere by Vehumet.
 12709 | D:10     | Learned a level 5 spell: Iskenderun's Battlesphere
 13255 | D:11     | Killed an unseen horror
 13427 | D:11     | Noticed a two-headed ogre
 13437 | D:11     | Killed a two-headed ogre
 13437 | D:11     | Reached ***** piety under Vehumet
 13437 | D:11     | Offered knowledge of Starburst by Vehumet.
 13708 | D:11     | Found a runed translucent gate.
 13708 | D:11     | Found a runed translucent gate.
 13708 | D:11     | Found a runed translucent gate.
 13708 | D:11     | Noticed Dusieq's ghost (journeyman DsCj)
 13852 | D:11     | Found a staircase to the Orcish Mines.
 13977 | D:11     | Reached skill level 5 in Spellcasting
 13977 | D:11     | Reached skill level 10 in Hexes
 13982 | D:11     | Noticed a brown ugly thing
 13984 | D:11     | Reached skill level 15 in Conjurations
 13984 | D:11     | Reached XP level 12. HP: 59/59 MP: 10/22
 14729 | D:11     | Killed Dusieq's ghost
 14934 | D:12     | Noticed a two-headed ogre
 14946 | D:12     | Killed a two-headed ogre
 15301 | D:12     | Found Rorruexi's Jewellery Boutique.
 15306 | D:12     | Bought an uncursed amulet of magic regeneration for 390
                  | gold pieces
 15409 | D:12     | Noticed a five-headed hydra
 15420 | D:12     | Killed a five-headed hydra
 16002 | D:12     | Reached skill level 10 in Stealth
 16139 | D:13     | Found a frozen archway.
 16153 | IceCv    | Entered an ice cave
 16164 | IceCv    | Learned a level 6 spell: Starburst
 16314 | IceCv    | Killed a reaper
 16507 | IceCv    | Offered knowledge of Sticky Flame by Vehumet.
 16511 | IceCv    | Reached skill level 16 in Conjurations
 16664 | IceCv    | Found the +2 cloak of the Thief {+Fog Slay-2 SInv Stlth+}
 17262 | D:13     | Found a shimmering blue altar of Sif Muna.
 17475 | D:13     | Noticed a seven-headed hydra
 17485 | D:13     | Killed a seven-headed hydra
 17796 | D:13     | Reached skill level 10 in Dodging
 18155 | D:13     | Noticed a two-headed ogre
 18162 | D:13     | Killed a two-headed ogre
 18370 | D:13     | Reached skill level 1 in Fire Magic
 18370 | D:13     | Reached XP level 13. HP: 44/63 MP: 19/28
 18420 | D:13     | Reached skill level 1 in Fighting
 18502 | D:13     | Found a gate to the Vaults.
 19082 | D:14     | Noticed Jorgrun
 19095 | D:14     | Killed Jorgrun
 19314 | D:14     | Reached skill level 17 in Conjurations
 19388 | D:14     | Learned a level 4 spell: Sticky Flame
 20142 | Orc:1    | Entered Level 1 of the Orcish Mines
 20188 | Orc:1    | Found Lezuulam's Jewellery Boutique.
 20264 | Orc:2    | Entered Level 2 of the Orcish Mines
 20267 | Orc:1    | Reached XP level 14. HP: 74/74 MP: 29/29
 20302 | Orc:2    | Found a staircase to the Elven Halls.
 20650 | Orc:2    | Noticed Blork the orc
 20655 | Orc:2    | Killed Blork the orc
 20788 | Orc:2    | Reached skill level 5 in Fire Magic
 20802 | Orc:2    | Noticed an orc warlord
 20824 | Orc:2    | Killed an orc warlord
 21115 | Orc:2    | Found Quti's Assorted Antiques.
 21236 | Orc:2    | Found a roughly hewn altar of Beogh.
 21240 | Orc:2    | Found Agrucett's General Store.
 21261 | Orc:2    | Found Plog's Antique Weapon Boutique.
 21277 | Orc:2    | Found Puco's Antique Armour Boutique.
 21294 | Orc:2    | Found Efetebel's Jewellery Boutique.
 21705 | Orc:1    | Offered knowledge of Bolt of Magma by Vehumet.
 22339 | Lair:1   | Entered Level 1 of the Lair of Beasts
 22997 | Lair:1   | Reached XP level 15. HP: 80/80 MP: 23/30
 23252 | Lair:2   | Noticed Gastronok
 23280 | Lair:2   | Killed Gastronok
 23660 | Lair:2   | Noticed Urug
 23924 | D:4      | Bought 2 potions of heal wounds for 250 gold pieces
 24653 | Lair:2   | Reached skill level 18 in Conjurations
 25182 | Lair:3   | Reached skill level 5 in Fighting
 25277 | Lair:3   | Offered knowledge of Ozocubu's Refrigeration by Vehumet.
 25676 | Lair:3   | Found a staircase to the Snake Pit.
 25906 | Lair:3   | You fall into a shaft and drop 1 floor!
 26226 | Lair:4   | You fall into a shaft and drop 2 floors!
 26226 | Lair:6   | Entered Level 6 of the Lair of Beasts
 26553 | Lair:6   | Offered knowledge of Fireball by Vehumet.
 27455 | Lair:4   | Found a staircase to the Shoals.
 27736 | Lair:4   | Reached skill level 19 in Conjurations
 28307 | Lair:5   | Found a viscous altar of Jiyva.
 28307 | Lair:5   | Found a staircase to the Slime Pits.
 28392 | Lair:5   | Reached skill level 1 in Evocations
 28684 | Lair:5   | Learned a level 5 spell: Fireball
 28707 | Lair:5   | Offered knowledge of Yara's Violent Unravelling by Vehumet.
 28895 | Lair:5   | Reached XP level 16. HP: 90/90 MP: 29/31
 30248 | Lair:6   | Found a runed translucent door.
 30250 | Lair:6   | Noticed Jipob's ghost (adept MiBe)
 30968 | D:15     | Entered Level 15 of the Dungeon
 31595 | D:15     | Offered knowledge of Chain Lightning by Vehumet.
 31906 | D:15     | Found a staircase to the Depths.
 32018 | D:15     | Reached skill level 5 in Evocations
 32781 | Elf:1    | Entered Level 1 of the Elven Halls
 32812 | Elf:1    | Reached skill level 10 in Spellcasting
 33007 | Elf:1    | Reached skill level 20 in Conjurations
 33595 | Elf:1    | Reached XP level 17. HP: 96/96 MP: 29/34
 33763 | Elf:1    | Reached ****** piety under Vehumet
 33777 | Elf:1    | Offered knowledge of Fire Storm by Vehumet.
 33777 | Elf:1    | Offered knowledge of Ignition by Vehumet.
 33777 | Elf:1    | Offered knowledge of Absolute Zero by Vehumet.
 35120 | Elf:2    | Found a huge runed translucent gate.
 35121 | Elf:2    | Found a huge runed translucent gate.
 35138 | Elf:2    | Found a huge runed translucent gate.
 35139 | Elf:2    | Found a huge runed translucent gate.
 35139 | Elf:2    | Found a huge runed translucent gate.
 35579 | Elf:2    | Found a roughly hewn altar of Beogh.
 35850 | Elf:2    | Reached skill level 10 in Fire Magic
 35862 | Elf:2    | Noticed a deep elf blademaster
 35877 | Elf:2    | Killed a deep elf blademaster
 36518 | Elf:3    | Entered Level 3 of the Elven Halls
 36771 | Shoals:1 | Entered Level 1 of the Shoals
 37582 | Shoals:1 | Reached XP level 18. HP: 101/101 MP: 25/37
 38739 | Shoals:2 | Learned a level 3 spell: Tukima's Dance
 38767 | Shoals:3 | Reached skill level 15 in Dodging
 38780 | Shoals:3 | Noticed Ilsuiw
 39278 | Shoals:3 | Annihilated by an alligator snapping turtle

Illustrated notes

Levels and vault maps discovered:
D:1:      onia_arrival_handbag, layout_loops_ring
D:2:      layout_basic, chequers_ecumenical_altar_simple_redux,
          hangedman_decor_push
D:3:      layout_loops_ring, hellmonk_ghost_happy_afterlife
D:4:      layout_loops_cross, grunt_dithmenos_smoke_and_mirrors,
          makhleb_grotto_becter, serial_shops, shop, ebering_ghost_gozag,
          nicolae_tso_besieged_by_evil, uniq_menkaure
D:5:      layout_basic, overflow_temple_1_default, xom_redecorated,
          nicolae_overflow_crystal_walls, first_ration, serial_shops,
          nicolae_shop_behind_doors
D:6:      layout_loops_ring, kiku_gazebo_garden_becter,
          minmay_temple_entry_arrows, uniq_maggie, uniq_edmund
D:7:      layout_rooms, lemuel_coloured_pillars_altar, grunt_ogre_cave
D:8:      layout_rooms, lemuel_round_altar, minmay_lair_entry_grove,
          serial_glass, glass_columns_b, glass_columns_a, glass_columns_b,
          glass_columns_c, gammafunk_ghost_smash,
          onia_ninara_dug_in_and_dangerous
D:9:      layout_basic, cheibrodos_ashenzari_chains, lemuel_doored_altar,
          small_chamber_with_monster, uniq_pikel, uniq_maurice
D:10:     layout_roguey [special_room_orc], uniq_erica
D:11:     layout_loops_ring, hiddenorc2_lemuel, gammafunk_ghost_spectres
D:12:     layout_small_grid, serial_shops, shop
D:13:     layout_irregular_city, hangedman_vaults_entry_quadrant_bands,
          basic_altar, portal_ice_cave_entry_imps, minivault_16
D:14:     layout_loops_ring, minivault_14, uniq_jorgrun
D:15:     grunt_enter_depths_snipers, layout_loops_ring, serial_park_gazebo
          [serial_park_minivault_5x5_3]
Temple:   minmay_temple_curvy_loop
Lair:1:   layout_loops_ring, chequers_serial_rivers_micro_d, lemuel_fruit_tree,
          grunt_megastairs_4, infiniplex_staircase_pool_2
Lair:2:   layout_roguey, st_stairs_9, uniq_gastronok, uniq_urug
Lair:3:   beast_lair_carwin_large_4, layout_loops_ring,
          guppyfry_snake_entry_garden, chequers_serial_rivers_micro_d,
          nicolae_quartered_pool_medium, nzn_random_ring
Lair:4:   layout_loops_ring, minmay_shoals_entry_beasts, beast_lair_carwin_9
Lair:5:   layout_regular_city, dpeg_slime_entry_enclosed_altar, enter_volcano_2,
          chequers_serial_rivers_marsh, grunt_forest_large_clearings
Lair:6:   minmay_lair_end_enchanted_forest, layout_concentric_octagons,
          gammafunk_ghost_grave, minivault_25, chequers_serial_rivers_marsh,
          serial_bayou_shore_b
Shoals:1: layout_shoals, nicolae_shoals_undead_eyrie
Shoals:2: layout_shoals
Shoals:3: layout_shoals, uniq_ilsuiw
Orc:1:    layout_caves, serial_shops, nicolae_shop_crystal
Orc:2:    grunt_orc_cross, layout_diamond_mine, serial_shops,
          nicolae_shop_overgrown_old_shop
Elf:1:    layout_geoelf_grid, evilmike_minifort, minivault_16
Elf:2:    layout_rooms, special_room [special_room_orc]
Elf:3:    elf_hall_gauntlet_narrow, layout_gridlike

Skill      XL: |  1  2  3  4  5  6  7  8  9 10 11 12 13 14 15 16 17 18 |
---------------+-------------------------------------------------------+-----
Conjurations   | 5 6 7 8 10 12 13 15 16 17 19 20 | 20.0
Hexes          | 2 3 4 6 8 9 10 | 10.0
Translocations | 2 6 |  6.5
Stealth        | 6 9 10 11 13 | 13.2
Dodging        | 6 8 10 11 13 14 15 | 15.1
Spellcasting   | 5 9 11 13 | 13.5
Fire Magic     | 1 4 5 7 11 | 11.9
Fighting       | 3 4 6 7 |  7.0
Invocations    | 4 |  4.7
Evocations     | 1 7 9 |  9.8

Action                   |  1- 3 |  4- 6 |  7- 9 | 10-12 | 13-15 | 16-18 || total
-------------------------+-------+-------+-------+-------+-------+-------++-------
Melee: Unarmed           |     3 |       |       |       |       |       ||     3
       Dagger            |    15 |    12 |    17 |    36 |       |       ||    80
       Hand axe          |       |       |       |    43 |    75 |    24 ||   142
 Cast: Magic Dart        |    59 |    19 |    78 |    87 |    76 |    22 ||   341
       Searing Ray       |     8 |    16 |    60 |   132 |   221 |   214 ||   651
       Fulminant Prism   |       |     1 |    12 |    70 |   122 |   101 ||   306
       Iskenderun's Myst |       |       |     4 |    22 |   101 |   150 ||   277
       Iskenderun's Batt |       |       |       |     1 |     3 |     2 ||     6
       Starburst         |       |       |       |       |     2 |       ||     2
       Sticky Flame      |       |       |       |       |     5 |     5 ||    10
       Fireball          |       |       |       |       |       |   134 ||   134
       Tukima's Dance    |       |       |       |       |       |     2 ||     2
Evoke: Wand              |       |       |       |     1 |    19 |    15 ||    35
  Use: Scroll            |       |     2 |     1 |    18 |     5 |     7 ||    33
       Potion            |       |       |     3 |    13 |     3 |    14 ||    33
 Stab: Sleeping          |     3 |       |     2 |     2 |     1 |       ||     8
       Distracted        |       |       |     1 |       |       |       ||     1
  Eat: Chunk             |     3 |     5 |    14 |    14 |    22 |    27 ||    85
       Ration            |       |       |     2 |     8 |     5 |     5 ||    20
Armor: Robe              |    11 |     1 |     6 |    36 |     3 |       ||    57
       Steam dragon scal |       |       |       |    15 |       |       ||    15
       Troll leather arm |       |       |       |     3 |    63 |    74 ||   140
       Leather armour    |       |       |       |     3 |       |       ||     3
Dodge: Dodged            |    32 |    10 |    37 |   180 |   333 |   399 ||   991
